 Dungeon Crawl Stone Soup version 0.16.2-2-g470672f (webtiles) character file.

303 andalon the Covered (level 6, -1/53 HPs)
             Began as a Minotaur Fighter on Aug 31, 2015.
             Was an Initiate of Vehumet.
             Slain by an ogre
             ... wielding a cursed -1 giant club
              (6 damage)
             ... on level 4 of the Dungeon.
             The game lasted 00:30:14 (3667 turns).

andalon the Covered (Minotaur Fighter)              Turns: 3667, Time: 00:30:17

Health: -1/53      AC:  7    Str: 21    XL:     6   Next: 15%
Magic:  3/3        EV:  8    Int:  5    God:    Vehumet [......]
Gold:   146        SH: 10    Dex: 11    Spells: 0 memorised, 5 levels left

rFire  . . .     SeeInvis .     a - +1 war axe
rCold  . . .     Clarity  .     b - +0 scale mail
rNeg   . . .     SustAb   .     c - +0 shield
rPois  .         Gourm    .     (helmet restricted)
rElec  .         Spirit   .     (no cloak)
rCorr  .         Warding  .     (no gloves)
rMut   .         Rnd*Tele +     (no boots)
MR     .....                    j - amulet of faith
Stlth  ..........               m - ring of teleportation (curse)
                                o - ring of flight

@: not resistant to hostile enchantments, extremely unstealthy
A: retaliatory headbutt, horns 2
a: Renounce Religion, Evoke Flight, Evoke Teleportation


You were on level 4 of the Dungeon.
You worshipped Vehumet.
Vehumet was noncommittal.
You were not hungry.

You visited 1 branch of the dungeon, and saw 4 of its levels.

You collected 146 gold pieces.

Inventory:

Hand weapons
 a - a +1 war axe (weapon)
 n - a +2 whip of venom
 w - a +0 hunting sling
 x - a cursed -2 falchion
Missiles
 f - 95 stones (quivered)
Armour
 b - a +0 scale mail (worn)
 c - a +0 shield (worn)
 k - a +0 ring mail
 l - a -2 robe
 q - a +0 animal skin
 t - a +0 shield
Jewellery
 i - an uncursed ring of positive energy
 j - an amulet of faith (around neck)
 m - a cursed ring of teleportation (right hand)
 o - a ring of flight (left hand)
Magical devices
 v - a wand of polymorph (6)
Scrolls
 h - 3 scrolls of teleportation
 y - a scroll of fear {unknown}
Potions
 e - 2 potions of might
 p - a potion of poison {unknown}
 s - a potion of heal wounds {unknown}
 u - a potion of haste
 z - a potion of curing {unknown}
Comestibles
 d - 2 bread rations
 g - a meat ration
 r - a chunk of flesh


   Skills:
 + Level 4.7 Fighting
 + Level 4.2 Axes
 + Level 5.2 Armour
 + Level 2.2 Dodging
 + Level 0.6 Stealth
 + Level 4.7 Shields


You had 5 spell levels left.
You didn't know any spells.

Dungeon Overview and Level Annotations

Branches:
Dungeon (4/15)
 Temple: D:4-7

Altars:
Trog
Vehumet
Zin

Shops:
D:4 *


Innate Abilities, Weirdness & Mutations

You reflexively headbutt those who attack you in melee.
You have a pair of horns on your head.


Message History

The bat hits you but does no damage.
You slash the ogre! Your headbutt misses the ogre.
The ogre is severely wounded.
The ogre hits you with a giant club!!
* * * LOW HITPOINT WARNING * * *
The bat hits you but does no damage. The ogre hits you but does no damage.
You block the bat's attack. The bat hits you but does no damage.
The bat hits you but does no damage. The bat hits you but does no damage.
You block the bat's attack. You block the bat's attack.
You block the bat's attack. You block the bat's attack.
You hit the bat.
You kill the bat!
Vehumet accepts your kill.
You hit the ogre but do no damage.
The ogre is severely wounded.
The ogre hits you with a giant club.
You die...

#...##......
#...##.....# ..#
##.###.###..#
#'''##.....# ..# #. #.#
#..###....#.....# ##..#
#. #.# #.....b....#'####
....# #+ ###
#..###.##..#.# ....#
###.. #. #....# ....#
...# #. #.#..# ....#
#†####+##.#..# ....#
#@.O........># ....#
#.O.....#.#### #..##
#.......#.# #..#
#.......#.# ...#
##......#.. #.##
#......### ...# #......#
#..##############......#
........................


You could see 2 ogres.

Vanquished Creatures
  The ghost of Typee the Pure, an average DsAK of Lugonu (D:3)
  A scorpion (D:4)
  A hound (D:4)
  Ijyb (D:2)
  5 adders
  2 worms
  A giant gecko (D:1)
  2 oozes
  2 orcs
  12 bats
  A bat skeleton (D:4)
  A giant cockroach (D:2)
  9 hobgoblins
  4 jackals (D:2)
  9 kobolds
  A quokka (D:3)
  A ball python (D:2)
  3 giant newts
  11 goblins
  A quokka skeleton (D:4)
  3 rats
72 creatures vanquished.

Notes
Turn   | Place    | Note
--------------------------------------------------------------
     0 | D:1      | andalon, the Minotaur Fighter, began the quest for the Orb.
     0 | D:1      | Reached XP level 1. HP: 19/19 MP: 1/1
   331 | D:1      | Reached XP level 2. HP: 17/27 MP: 1/1
  1009 | D:2      | Reached skill level 4 in Fighting
  1097 | D:2      | Reached XP level 3. HP: 33/33 MP: 2/2
  1112 | D:2      | Found a glowing silver altar of Zin.
  1184 | D:2      | Reached skill level 1 in Dodging
  1320 | D:2      | Found a bloodstained altar of Trog.
  1338 | D:2      | Noticed Ijyb
  1349 | D:2      | Killed Ijyb
  1577 | D:2      | Reached XP level 4. HP: 40/40 MP: 2/2
  2223 | D:3      | Noticed Typee's ghost (average DsAK)
  2240 | D:3      | Killed Typee's ghost
  2240 | D:3      | Reached XP level 5. HP: 14/47 MP: 2/2
  2745 | D:3      | Found a radiant altar of Vehumet.
  2971 | D:3      | Became a worshipper of Vehumet
  3462 | D:4      | Reached skill level 5 in Armour
  3463 | D:4      | Reached XP level 6. HP: 43/53 MP: 3/3
  3609 | D:4      | Found Klaojiutt's Assorted Antiques.
  3609 | D:4      | Noticed an ogre
  3610 | D:4      | Noticed an ogre
  3667 | D:4      | Slain by an ogre

Action                   |  1- 3 |  4- 6 || total
-------------------------+-------+-------++-------
Melee: War axe           |    69 |    91 ||   160
       Unarmed           |       |     2 ||     2
  Use: Scroll            |     8 |     2 ||    10
       Potion            |     1 |       ||     1
  Eat: Chunk             |       |     4 ||     4
       Bread ration      |       |     1 ||     1
